 Dungeon Crawl Stone Soup version 0.29-a0-559-g359e09b9d1 (console) character file.

Game seed: 9617650600341755665

237 jejorda2 the Skirmisher (level 5, -2/47 HPs)
             Began as a Draconian Fighter on June 9, 2022.
             Slain by an orc warrior
             ... wielding a +1 scimitar of freezing
              (15 damage)
             ... on level 4 of the Dungeon.
             The game lasted 00:08:09 (3621 turns).

jejorda2 the Skirmisher (Draconian Fighter)         Turns: 3621, Time: 00:08:09

Health: -2/47      AC:  7    Str: 18    XL:     5   Next: 77%
Magic:  5/5        EV: 12    Int:  8    God:
Gold:   242        SH:  5    Dex: 13    Spells: 4/4 levels left

rFire   + + .      SeeInvis .   a - +0 long sword (chaos)
rCold   . . .      Faith    .   b - +0 buckler
rNeg    . . .      Spirit   .   (body armour unavailable)
rPois   .          Reflect  .   (helmet restricted)
rElec   .          Harm     .   c - +0 cloak
rCorr   .          Rampage  .   k - +0 pair of gloves
Will    .....                   (no boots)
Stlth   +.........              (no amulet)
HPRegen 0.15/turn               d - ring of protection from fire
MPRegen 0.09/turn               (no ring)

@: slowed, very slow
A: AC +5, unfitting armour, cold-blooded, stinger 1, fire resistance 1
a: no special abilities


You were on level 4 of the Dungeon.
You visited 1 branch of the dungeon, and saw 4 of its levels.

You collected 242 gold pieces.

Inventory:

Hand Weapons
 a - a +0 long sword of chaos (weapon)
 j - a +2 dagger of venom
Missiles
 m - 34 stones (quivered)
Armour
 b - a +0 buckler (worn)
 c - a +0 cloak (worn)
 k - a +0 pair of gloves (worn)
Jewellery
 d - a ring of protection from fire (left hand)
Wands
 p - a wand of polymorph (6)
Scrolls
 g - a scroll of immolation
 l - 2 scrolls of identify
 n - a scroll of amnesia
 o - a scroll of blinking
 q - a scroll of noise
 s - a scroll of acquirement {unknown}
Potions
 i - 4 potions of mutation
 t - a potion of curing


   Skills:
 + Level 4.5 Fighting
 * Level 4.5 Long Blades
 - Level 2.6 Dodging
 + Level 4.1 Shields


You had 4 spell levels left.
You didn't know any spells.
Your spell library was empty.

Dungeon Overview and Level Annotations

Branches:
Dungeon (4/15)
 Temple: D:4-7

Altars:

Shops:
D:1 !   D:3 (


Innate Abilities, Weirdness & Mutations

Your plain brown scales are hard. (AC +5)
You cannot fit into any form of body armour.
You are cold-blooded and may be slowed by cold attacks.
Your tail ends in a venomous barb.
Your flesh is heat resistant. (rF+)


Message History

As you open the door, it creaks loudly! The orc hits you but does no damage.
Found 10 gold pieces.
There is an open door here.
The orc warrior attacks as you move away!
The orc warrior hits you with a +1 scimitar of freezing.
The orc warrior freezes you.
You hit the orc but do no damage. You barely miss the orc warrior.
The orc closely misses you.
Your quokka completely misses the orc.
Something hits your quokka.
Your quokka dies!
Your quokka's corpse dissolves into shadows!
You hit the orc warrior but do no damage.
The orc warrior hits you with a +1 scimitar of freezing.
The orc warrior freezes you.
You hit the orc warrior but do no damage.
The orc warrior hits you with a +1 scimitar of freezing.
The orc warrior freezes you.
You closely miss the orc warrior. Something hits you.
The orc warrior closely misses you.
You hit the orc warrior. You freeze the orc warrior.
The orc warrior is lightly wounded.
Something hits you.
The orc warrior hits you with a +1 scimitar of freezing!
* * * LOW HITPOINT WARNING * * *
You feel yourself slow down. The orc warrior freezes you.
* * * LOW HITPOINT WARNING * * *
The hobgoblin throws a boomerang.
The boomerang barely misses you. Something hits you.
* * * LOW HITPOINT WARNING * * *
The orc warrior hits you with a +1 scimitar of freezing.
* * * LOW HITPOINT WARNING * * *
You feel as though you will be slow longer.
The orc warrior freezes you.
* * * LOW HITPOINT WARNING * * *
Unknown command.
Unknown command.
You feel better. Something hits you but does no damage.
The orc warrior hits you with a +1 scimitar of freezing!
You die...

##.##...###
#.....g.#
###.....#
#.....#
#.....#
#.gS..#
##ggo##
###'#####+##
#..o@.......
#......$....
#...........
#...........
##.........#
###########


You could see an orc warrior, an adder, 2 hobgoblins and a goblin.

Vanquished Creatures
  A necrophage (D:4)
  Crazy Yiuf (D:2)
  An iguana (D:4)
  Terence (D:1)
  Robin (D:2)
  An adder (D:3)
  2 adder zombies (D:2)
  2 adder skeletons (D:2)
  A worm (D:3)
  5 ball pythons
  3 endoplasms
  3 giant cockroaches
  7 hobgoblins
  3 jackals (D:1)
  4 kobolds
  5 bats
  3 frilled lizards
  13 goblins
  A quokka skeleton (D:2)
  4 rats
62 creatures vanquished.

Vanquished Creatures (others)
  4 plants (D:4)
4 creatures vanquished.

Grand Total: 66 creatures vanquished

Notes
Turn   | Place    | Note
-------+----------+-------------------------------------------
     0 | D:1      | jejorda2 the Draconian Fighter began the quest for the Orb.
     0 | D:1      | Reached XP level 1. HP: 19/19 MP: 1/1
   236 | D:1      | Found Wuruuner's Distillery.
   293 | D:1      | Reached XP level 2. HP: 21/26 MP: 2/2
   810 | D:1      | Found a faded altar of an unknown god.
  1390 | D:2      | Noticed Robin
  1391 | D:2      | Reached XP level 3. HP: 22/31 MP: 3/3
  1771 | D:2      | Noticed Terence
  1808 | D:1      | Killed Terence
  2088 | D:2      | Reached XP level 4. HP: 40/40 MP: 4/4
  2172 | D:2      | Killed Robin
  2449 | D:2      | Found a runed translucent door.
  2450 | D:2      | Noticed Crazy Yiuf
  2459 | D:2      | Gained mutation: Your tail ends in a venomous barb. [potion
                  | of mutation]
  2459 | D:2      | Gained mutation: Your flesh is heat resistant. (rF+)
                  | [potion of mutation]
  2460 | D:2      | HP: 2/40 [poisoned by Crazy Yiuf]
  2463 | D:2      | Killed Crazy Yiuf
  2889 | D:3      | Reached XP level 5. HP: 44/46 MP: 5/5
  3336 | D:3      | Found Plog's Weapon Boutique.
  3589 | D:4      | Noticed an orc warrior
  3620 | D:4      | HP: 2/47 [orc warrior/+1 scimitar of freezing (3)]
  3621 | D:4      | Slain by an orc warrior

Illustrated notes

Levels and vault maps discovered:
D:1:      minmay_arrival_four_circles, layout_basic,
          nicolae_ecumenical_lake_church, serial_shops,
          nicolae_shop_advertising_works [nicolae_subvault_shop_adworks]
D:2:      layout_rooms, serial_undead, serial_undead_b, serial_undead_a,
          serial_undead_c, serial_undead_d, minmay_split_cup_small,
          uniq_terence, uniq_crazy_yiuf_cottage, uniq_robin
D:3:      layout_loops_ring, serial_shops, nicolae_shop_crystal,
          kennysheep_small_spiral
D:4:      corexii_shack_village, layout_gridville, minmay_ruined_shrine,
          uniq_duvessa

Skill      XL: |  1  2  3  4  5 |
---------------+----------------+-----
Long Blades    | 3 4 |  4.5
Fighting       | 4 |  4.5
Shields        | 4 |  4.1
Dodging        | |  2.6

Action                   |  1- 3 |  4- 6 || total
-------------------------+-------+-------++-------
Melee: Long sword        |   110 |    93 ||   203
       Tailslap          |     9 |    15 ||    24
Throw: Stone             |       |    23 ||    23
  Use: Potion            |       |     5 ||     5
       Scroll            |       |     9 ||     9
Armor: Skin              |    25 |    30 ||    55
Dodge: Dodged            |    73 |    48 ||   121
Block: Buckler           |    22 |    23 ||    45

Table legend: (Time is in decaauts)
 A = Elapsed time spent in this place.
 B = Non-inter-level travel time spent in this place.
 C = Inter-level travel time spent in this place.
 D = Time resting spent in this place.
 E = Time spent auto-exploring this place.
 F = Levels seen in this place.
 G = Mean time per level.
                   A        B        C        D        E       F      G
               +--------+--------+--------+--------+--------+-----+--------+
         Total |   3687 |   3558 |    129 |    862 |   2071 |   4 |  921.8 |
       Dungeon |   3687 |   3558 |    129 |    862 |   2071 |   4 |  921.8 |
               +--------+--------+--------+--------+--------+-----+--------+

Top non-repeatable levels by time:
     D:1: 1972 daAuts
     D:3: 798 daAuts
     D:2: 774 daAuts
     D:4: 141 daAuts
